Match 46520293
Unlisted

Match 46520293
End
Kradschützen Motorcycle Team
Panzerpioneer Squad
Selects Battlefield Espionage Battlegroup
Panzerpioneer Squad
Panzerpioneer Squad
Construct Light Support Kompanie
2.5-tonne Medical Truck
Selects Intel Disruption Beacon
Panzerjäger Squad
MG34 Team
Panzerjäger Mechanized Group
Selects 250/3 Funkpanzerwagen
Construct Mechanized Kompanie
2.5-tonne Medical Truck
Vehicle Survival Package
Construct Panzerarmee Kommand
Panzer III L Medium Tank
Emergency Repair Kits
Selects Advanced Ambush Training
Rapid Advance
Panzer III L Medium Tank
Selects Operation Skorpion
꿀뜨개Honeydipper
全体欣赏音乐
CAuMOH
K̳itsuné
0
0

Comments sign in to comment!

No comments posted yet!